 Dungeon Crawl Stone Soup version 0.28-a0-883-gc8d7bad45d (webtiles) character file.

Game seed: 13291774672895279500

121 croobank the Magician (level 5, 0/48 HPs)
             Began as an Octopode Hedge Wizard on Nov 21, 2021.
             Was an Initiate of Ashenzari.
             Slain by a troll (12 damage)
             ... on level 5 of the Dungeon.
             The game lasted 00:21:19 (3417 turns).

croobank the Magician (Octopode Hedge Wizard)       Turns: 3417, Time: 00:21:19

Health: 0/48       AC:  5    Str: 11    XL:     5   Next: 5%
Magic:  19/19      EV: 13    Int: 16    God:    Ashenzari [......]
Gold:   196        SH:  0    Dex: 11    Spells: 1/11 levels left

rFire   . . .      SeeInvis .   d - +0 dagger (venom)
rCold   . . .      Faith    .   (no shield)
rNeg    . . .      Spirit   .   b - +0 hat
rPois   .          Reflect  .   (no amulet)
rElec   .          Harm     .   e - +4 ring of protection
rCorr   .          Rampage  .   f - ring of magical power
Will    .....                   (no ring)
Stlth   ..........              (no ring)
HPRegen 0.16/turn               (no ring)
MPRegen 0.16/turn               (no ring)
                                (no ring)
                                (no ring)

@: confused, berserking (expiring), ambrosia-drunk, very quick
A: almost no armour, amphibious, 8 rings, camouflage 1, gelatinous body 1,
(nimble swimmer 1), tentacles
a: Renounce Religion


You were on level 5 of the Dungeon.
You worshipped Ashenzari.
Ashenzari was noncommittal.
You visited 1 branch of the dungeon, and saw 5 of its levels.

You collected 196 gold pieces.

Inventory:

Hand Weapons
 d - a +0 dagger of venom (weapon)
 h - a +0 short sword
 o - a +0 quarterstaff
Missiles
 c - 94 stones
 n - a throwing net
 q - 10 poisoned darts
Armour
 b - a +0 hat (worn)
Jewellery
 e - a +4 ring of protection (left tentacle)
 f - a ring of magical power (right tentacle)
Wands
 g - a wand of flame (11)
Scrolls
 l - a scroll of immolation {unknown}
 m - a scroll of fog {unknown}
 p - a scroll of enchant weapon {unknown}
 r - a scroll of amnesia
Potions
 a - a potion of attraction
 j - 2 potions of lignification


   Skills:
 - Level 0.8 Fighting
 + Level 1.5 Short Blades
 + Level 2.7 Dodging
 - Level 3.3 Stealth
 - Level 3.7 Spellcasting
 - Level 1.2 Conjurations
 + Level 1.0 Summonings
 + Level 1.0 Translocations
 * Level 1.5 Transmutations
 - Level 0.2 Fire Magic


You had one spell level left.
You knew the following spells:

 Your Spells              Type           Power      Damage    Failure   Level
a - Magic Dart            Conj           24%        1d4       11%         1
b - Blink                 Tloc           12%        N/A       17%         2
c - Slow                  Hex            8%         N/A       17%         1
d - Beastly Appendage     Tmut           16%        N/A       9%          1
e - Wereblood             Tmut           8%         N/A       14%         2
f - Sting                 Tmut/Pois      20%        1d4       13%         1
g - Call Imp              Summ           6%         N/A       17%         2

Your spell library contained the following spells:

 Spells                   Type           Power      Damage    Failure   Level
 Poisonous Vapours        Pois/Air       4%         N/A       26%         2
 Conjure Flame            Conj/Fire      5%         6-21      36%         3
 Spider Form              Tmut/Pois      5%         N/A       36%         3
 Mephitic Cloud           Conj/Pois/Air  4%         N/A       41%         3
 Olgreb's Toxic Radiance  Pois           2%         N/A       86%         4


Dungeon Overview and Level Annotations

Branches:
Dungeon (5/15)             Temple (0/1) D:5

Altars:
Ashenzari
Gozag

Shops:
D:2 :

Annotations:
D:3 Ijyb


Innate Abilities, Weirdness & Mutations

You cannot wear most types of armour.
You are amphibious.
You can wear up to eight rings at the same time.
Your skin changes colour to match your surroundings (Stealth+).
Your rubbery body absorbs attacks. (AC +1, EV +1)
((You are camouflaged near water. (Stealth+)))
You have tentacles for arms and can constrict up to eight enemies at once.


Message History

Aim: a troll (lightly wounded, 100% to hit)
The magic dart hits the troll but does no damage.
The troll is lightly wounded.
Aiming: Magic Dart (safe; 11% risk of failure)
Press: ? - help, Q - select action, (/) - cycle Shift-Dir - straight line, f/p - troll
Aim: a troll (100% to hit)
The magic dart hits the troll.
The troll is lightly wounded.
Press: ? - help, v - describe, . - travel The floor.
Press: ? - help, v - describe, . - travel The floor.
Unknown command.
Found a scroll of identify.
Found a scroll of identify.
The troll barely misses you. x2
The troll claws you!
Found a stone staircase leading up.
You see here a scroll of identify.
Okay, then.
Okay, then.
Okay, then.
The troll bites you! The troll claws you.
* * * LOW HITPOINT WARNING * * *
The troll misses you.
There is a stone staircase leading up, spattered with blood here.
It was a potion of ambrosia.
You are confused.
You feel invigorated. The troll closely misses you.
The troll claws you but does no damage. The troll barely misses you.
It was a potion of berserk rage.
A red film seems to cover your vision as you go berserk!
You feel yourself moving faster!
You feel mighty! The troll misses you. The troll barely misses you.
The troll claws you.
You bump into the rock wall.
You feel a strong urge to attack something.
The troll misses you. x2; The troll claws you!
* * * LOW HITPOINT WARNING * * *
Okay, then.
The troll misses you. The troll closely misses you. The troll claws you!
You die...

......#.8)#
....>.#...#
......##.##
.......#.#
.........#
.......###########
.................#
###.........?..T.#
#.............@#
#.<............#
#............?.#
#..............#
#..............#
#..............#
#..............#
#..............#
##########


You could see a troll.

Vanquished Creatures
  A hound (D:5)
  3 adders
  An ufetubus (D:4)
  3 worms
  4 dart slugs
  3 orcs
  An endoplasm (D:1)
  3 goblins
  2 hobgoblins (D:1)
  A quokka (D:3)
  4 ball pythons
  4 bats
  3 frilled lizards
  5 kobolds
  7 rats
45 creatures vanquished.

Notes
Turn   | Place    | Note
-------+----------+-------------------------------------------
     0 | D:1      | croobank the Octopode Hedge Wizard began the quest for the
                  | Orb.
     0 | D:1      | Reached XP level 1. HP: 11/11 MP: 4/4
   604 | D:1      | Reached XP level 2. HP: 14/17 MP: 1/6
  1140 | D:1      | Found a faded altar of an unknown god.
  1327 | D:2      | Learned a level 2 spell: Blink
  1329 | D:2      | Learned a level 1 spell: Slow
  1334 | D:2      | Found Gasuhavi's Book Shop.
  1367 | D:2      | Reached XP level 3. HP: 21/21 MP: 8/8
  1984 | D:2      | Learned a level 1 spell: Beastly Appendage
  1987 | D:2      | Learned a level 2 spell: Wereblood
  2371 | D:3      | Reached XP level 4. HP: 24/27 MP: 9/9
  2373 | D:3      | Noticed Ijyb
  2555 | D:4      | Noticed a black bear
  2703 | D:3      | Found a broken altar of Ashenzari.
  2736 | D:3      | Became a worshipper of Ashenzari the Shackled
  2865 | D:3      | Learned a level 1 spell: Sting
  2868 | D:3      | Learned a level 2 spell: Call Imp
  3217 | D:4      | Found an opulent altar of Gozag.
  3248 | D:4      | Reached skill level 1 in Transmutations
  3269 | D:5      | Entered Level 5 of the Dungeon
  3314 | D:5      | Found a staircase to the Ecumenical Temple.
  3324 | D:5      | Reached skill level 1 in Short Blades
  3324 | D:5      | Reached XP level 5. HP: 29/32 MP: 10/10
  3375 | D:5      | Noticed a troll
  3417 | D:5      | Slain by a troll

Illustrated notes

Levels and vault maps discovered:
D:1:      dpeg_arrival_shelter, layout_basic, chequers_ecumenical_altar_grove,
          grunt_decor_mini_mirrors, hangedman_decor_riveting
D:2:      layout_loops_corners, serial_shops, shop
D:3:      layout_basic, mainiacjoe_overflow_concentric_impassable, uniq_ijyb
D:4:      layout_loops_cross, grunt_gozag_breadcrumbs, minmay_starry_boxes
D:5:      layout_basic, minmay_temple_entry_antechambers, serial_shops, shop

Skill      XL: |  1  2  3  4 |
---------------+-------------+-----
Stealth        | 3 |  3.3
Transmutations | 1 |  1.5
Short Blades   | 1 |  1.5
Fighting       | |  0.8
Dodging        | |  2.7
Spellcasting   | |  3.7
Conjurations   | |  1.2
Summonings     | |  1.0
Translocations | |  1.0
Fire Magic     | |  0.2

Action                   |  1- 3 |  4- 6 || total
-------------------------+-------+-------++-------
Melee: Dagger            |    43 |    31 ||    74
       Constrict         |    10 |     6 ||    16
       Tentacles         |     9 |     4 ||    13
       Kick              |     1 |       ||     1
 Cast: Magic Dart        |    35 |    29 ||    64
       Beastly Appendage |     3 |     3 ||     6
       Wereblood         |       |     1 ||     1
  Use: Scroll            |     2 |     1 ||     3
       Potion            |       |     2 ||     2
 Stab: Sleeping          |     5 |     2 ||     7
Armor: Skin              |     6 |     8 ||    14
Dodge: Dodged            |    24 |    38 ||    62

Table legend: (Time is in decaauts)
 A = Elapsed time spent in this place.
 B = Non-inter-level travel time spent in this place.
 C = Inter-level travel time spent in this place.
 D = Time resting spent in this place.
 E = Time spent auto-exploring this place.
 F = Levels seen in this place.
 G = Mean time per level.
                   A        B        C        D        E       F      G
               +--------+--------+--------+--------+--------+-----+--------+
         Total |   3415 |   3323 |     92 |    456 |   2085 |   5 |  683.0 |
       Dungeon |   3415 |   3323 |     92 |    456 |   2085 |   5 |  683.0 |
               +--------+--------+--------+--------+--------+-----+--------+

Top non-repeatable levels by time:
     D:1: 1321 daAuts
     D:2: 1036 daAuts
     D:3: 698 daAuts
     D:4: 212 daAuts
     D:5: 147 daAuts
